 Dungeon Crawl Stone Soup version 0.28-a0-773-g130ae17fe5 (webtiles) character file.

Game seed: 16882514963917565386

18 ytrimaz the Skirmisher (level 2, 0/18 (24) HPs)
             Began as a Demonspawn Berserker on Nov 1, 2021.
             Was a Follower of Trog.
             Succumbed to a kobold's poison
             ... on level 2 of the Dungeon.
             The game lasted 00:01:32 (1235 turns).

ytrimaz the Skirmisher (Demonspawn Berserker)       Turns: 1235, Time: 00:01:32

HP:   0/18 (24)     AC:  8    Str: 17    XL:     2   Next: 51%
MP:   2/2           EV: 22    Int:  8    God:    Trog [*.....]
Gold: 104           SH:  0    Dex: 12    Spells: 1/1 levels left

rFire   . . .      SeeInvis .   a - +0 dagger (vamp)
rCold   . . .      Faith    .   (no shield)
rNeg    . . .      Spirit   .   f - +0 chain mail
rPois   .          Reflect  .   (no helmet)
rElec   .          Harm     .   (no cloak)
rCorr   .          Rampage  .   (no gloves)
Will    .....                   (no boots)
Stlth   ..........              d - amulet of the acrobat
HPRegen 0.06/turn               (no ring)
MPRegen 0.08/turn               (no ring)

@: lethally poisoned (0 -> -5), on berserk cooldown, acrobatic, slowed, very
heavily drained, very slow
A: powered by pain 1
a: Renounce Religion, Berserk


You were on level 2 of the Dungeon.
You worshipped Trog.
Trog was aware of your devotion.
You visited 1 branch of the dungeon, and saw 2 of its levels.

You collected 104 gold pieces.

Inventory:

Hand Weapons
 a - a +0 vampiric dagger (weapon)
Armour
 f - a +0 chain mail (worn)
Jewellery
 d - an amulet of the acrobat (around neck)
Scrolls
 b - a scroll of identify {unknown}
Potions
 e - a potion of haste {unknown}


   Skills:
 + Level 3.3 Fighting
 + Level 2.0 Armour
 + Level 1.8 Dodging
 + Level 3.1 Unarmed Combat


You had one spell level left.
You didn't know any spells.
Your spell library was empty.

Dungeon Overview and Level Annotations

Branches:
Dungeon (2/15)

Altars:


Innate Abilities, Weirdness & Mutations

You sometimes gain a little power by taking damage.


Message History

You barely miss the kobold.
You feel very sick.
The kobold hits you with a +0 short sword of venom.
* * * LOW HITPOINT WARNING * * *
You are more poisoned.
Unknown command.
Okay, then.
It was a potion of curing.
You feel better.
The kobold hits you with a +0 short sword of venom.
* * * LOW HITPOINT WARNING * * *
A red film seems to cover your vision as you go berserk!
You feel yourself moving faster!
You feel mighty! The kobold hits you but does no damage.
You are lethally poisoned!
You puncture the kobold!
You kill the kobold!
Trog accepts your kill.
* * * LOW HITPOINT WARNING * * *
You feel sick.
Your Armour skill increases to level 2!
* * * LOW HITPOINT WARNING * * *
You feel sick.
Things that are here:
a +0 short sword of venom; a kobold corpse Unknown command.
You are too berserk!
Unknown command.
You feel a strong urge to attack something.
* * * LOW HITPOINT WARNING * * *
You feel sick.
* * * LOW HITPOINT WARNING * * *
You feel sick.
You are too berserk!
Unknown command.
You feel your anger nearly subside.
You are no longer berserk.
You are exhausted.
You feel yourself slow down.
* * * LOW HITPOINT WARNING * * *
You feel sick.
You die...

#.# #.# #.#
#######.# ........#
........#####
#.............)..#
.............###.#
......#####.....@#
......#
#...#############
......
#...............#
....
####.#...........#.#
.#+#
#..........#####.#.#
.#.# #.###.......#
#.#.#
.#.#####.#....<..#.#
#.#.#
.......#.####.##.#.#
#.#.#
.......'.........#.#
#.#.#


There were no monsters in sight!

Vanquished Creatures
  2 ball pythons (D:1)
  4 bats
  An endoplasm (D:1)
  3 goblins (D:1)
  2 hobgoblins (D:1)
  A quokka (D:2)
  A frilled lizard (D:1)
  2 kobolds
  A rat (D:2)
17 creatures vanquished.

Notes
Turn   | Place    | Note
-------+----------+-------------------------------------------
     0 | D:1      | ytrimaz the Demonspawn Berserker began the quest for the
                  | Orb.
     0 | D:1      | Reached XP level 1. HP: 18/18 MP: 1/1
   697 | D:1      | Gained mutation: You sometimes gain a little power by
                  | taking damage. [demonic ancestry]
   697 | D:1      | Reached XP level 2. HP: 18/18 MP: 2/2
   857 | D:1      | Found a faded altar of an unknown god.
  1235 | D:2      | Succumbed to a kobold's poison

Illustrated notes

Levels and vault maps discovered:
D:1:      lightli_arrival_flooded_house, layout_basic,
          hellmonk_ecumenical_altar_run_dry, minmay_surrounded
D:2:      layout_basic, serial_shops, nicolae_shop_stone, uniq_sigmund

Skill      XL: |  1  2 |
---------------+-------+-----
Unarmed Combat | 3 |  3.1
Armour         | 2 |  2.0
Fighting       | |  3.3
Dodging        | |  1.8

Action                   || total
-------------------------++-------
Melee: Unarmed           ||    32
       Punch             ||     1
       Dagger            ||    35
Invok: Berserk           ||     4
  Use: Potion            ||     1
Armor: Chain mail        ||    34
       Animal skin       ||     5
Dodge: Dodged            ||    51

Table legend: (Time is in decaauts)
 A = Elapsed time spent in this place.
 B = Non-inter-level travel time spent in this place.
 C = Inter-level travel time spent in this place.
 D = Time resting spent in this place.
 E = Time spent auto-exploring this place.
 F = Levels seen in this place.
 G = Mean time per level.
                   A        B        C        D        E       F      G
               +--------+--------+--------+--------+--------+-----+--------+
         Total |   1264 |   1157 |    107 |     97 |    876 |   2 |  632.0 |
       Dungeon |   1264 |   1157 |    107 |     97 |    876 |   2 |  632.0 |
               +--------+--------+--------+--------+--------+-----+--------+

Top non-repeatable levels by time:
     D:1: 1068 daAuts
     D:2: 195 daAuts
